 Dungeon Crawl Stone Soup version 0.28-a0-580-ga2639ab843 (webtiles) character file.

Game seed: 1887171107568368915

313 kipponium the Stinger (level 6, -8/41 HPs)
             Began as a Demonspawn Venom Mage on Oct 2, 2021.
             Mangled by Grinder the red devil (16 damage)
             ... on level 3 of the Dungeon.
             The game lasted 00:15:19 (2806 turns).

kipponium the Stinger (Demonspawn Venom Mage)       Turns: 2806, Time: 00:15:22

Health: -8/41      AC:  5    Str:  8    XL:     6   Next: 19%
Magic:  9/9        EV: 12    Int: 19    God:
Gold:   71         SH:  0    Dex: 15    Spells: 5/9 levels left

rFire   . . .      SeeInvis .   p - +2 hand axe (elec)
rCold   . . .      Faith    .   (no shield)
rNeg    . . .      Spirit   .   r - +2 robe
rPois   .          Reflect  .   s - +0 helmet
rElec   .          Harm     .   (no cloak)
rCorr   .          Rampage  .   (gloves unavailable)
Will    .....                   (no boots)
Stlth   +++.......              k - amulet of the acrobat
HPRegen 0.13/turn               (no ring)
MPRegen 0.11/turn               (no ring)

@: spiked
A: claws 3, thin skeletal structure 1
a: no special abilities


You were on level 3 of the Dungeon.
You visited 1 branch of the dungeon, and saw 4 of its levels.

You collected 71 gold pieces.

Inventory:

Hand Weapons
 i - a +3 short sword
 p - a +2 hand axe of electrocution (weapon)
Armour
 a - a +0 robe
 c - a +0 pair of gloves
 r - a +2 robe (worn)
 s - a +0 helmet (worn)
Jewellery
 k - an amulet of the acrobat (around neck)
Wands
 h - a wand of polymorph (3)
 o - a wand of charming (8)
Scrolls
 b - 2 scrolls of enchant armour {unknown}
 d - a scroll of silence {unknown}
 f - 2 scrolls of teleportation {unknown}
 l - a scroll of identify {unknown}
 m - a scroll of fog {unknown}
 q - a scroll of fear {unknown}
 t - a scroll of noise {unknown}
Potions
 e - a potion of flight {unknown}
 g - a potion of lignification {unknown}
 j - a potion of might {unknown}
 n - a potion of heal wounds


   Skills:
 - Level 0.1 Short Blades
 + Level 0.4 Axes
 - Level 1.7 Dodging
 - Level 1.7 Stealth
 - Level 2.0 Spellcasting
 * Level 1.3 Conjurations
 + Level 3.0 Transmutations
 * Level 1.1 Air Magic
 * Level 5.5 Poison Magic


You had 5 spell levels left.
You knew the following spells:

 Your Spells              Type           Power      Damage    Failure   Level
a - Sting                 Tmut/Pois      72%        1d6       3%          1
b - Mephitic Cloud        Conj/Pois/Air  12%        N/A       17%         3

Your spell library contained the following spells:

 Spells                   Type           Power      Damage    Failure   Level
 Poisonous Vapours        Pois/Air       28%        N/A       6%          2
 Olgreb's Toxic Radiance  Pois           23%        N/A       17%         4


Dungeon Overview and Level Annotations

Branches:
Dungeon (4/15)
 Temple: D:4-7

Altars:
Qazlal
Yredelemnul

Annotations:
D:3 Grinder


Innate Abilities, Weirdness & Mutations

You have claws for hands.
You have a somewhat thin skeletal structure. (Dex +2, Stealth+)


Message History

Grinder hits you.
You writhe in agony.
Grinder hits you.
You writhe in agony.
Grinder gestures at you. You resist with significant effort. Grinder hits you!
You writhe in agony.
You can move again.
You see here a hobgoblin corpse.
You barely miss Grinder.
Grinder is lightly wounded.
Grinder gestures at you. Pain shoots through your body!
* * * LOW HITPOINT WARNING * * *
It was a potion of heal wounds.
You feel much better.
Grinder blinks!
Press: ? - help, v - describe, . - travel The floor.
Aiming: Polymorph
Press: ? - help, Shift-Dir - straight line, f - Grinder
Aim: Grinder (lightly wounded, will become a hellwing, a red devil, or a chaos spawn, chance to affect: 46%) Grinder evaporates and reforms as a red devil!
Aiming: Polymorph
Press: ? - help, Shift-Dir - straight line, f/p - Grinder
Aim: Grinder the red devil (will become a smoke demon, a hellwing, or a ynoxinul, chance to affect: 15%) Grinder resists with almost no effort.
Aiming: Polymorph
Press: ? - help, Shift-Dir - straight line, f/p - Grinder
Aim: Grinder the red devil (will become a smoke demon, a hellwing, or a ynoxinul, chance to affect: 15%) Grinder resists with almost no effort.
Grinder closely misses you.
Aiming: Polymorph
Press: ? - help, Shift-Dir - straight line, f/p - Grinder
Aim: Grinder the red devil (will become a smoke demon, a hellwing, or a ynoxinul, chance to affect: 15%) Grinder resists with almost no effort.
Grinder hits you!
* * * LOW HITPOINT WARNING * * *
Barbed spikes become lodged in your body.
Aiming: Polymorph
Press: ? - help, Shift-Dir - straight line, f/p - Grinder
Aim: Grinder the red devil (will become a smoke demon, a hellwing, or a ynoxinul, chance to affect: 15%) Grinder resists with almost no effort.
Grinder says, "Kneel, thou surly base-court fustilarian!"
Grinder hits you!
You die...

#.##...........###.####.#####.
#.......###................<..
#####.#.#........#.###.#.####.
#.#.#.#####..#.# #........
#.#.#.# #..#.# ###.#####
#.#...# #....# #.# ###.###.#
#..#######.# ..####.#.#
#.#####..........#####
>.5......#
#....@...#..###.......
#!####.#.######4.##.#..#
#.###### #..#..............#
#.# #...........##.##.# #.#
###########.##.##.# #.#
#.......# #.# ####.#### #.#
#.# #. ######.#


You could see Grinder the red devil.

Vanquished Creatures
  Sigmund (D:3)
  A hound (D:3)
  A centaur skeleton (D:3)
  3 adders (D:2)
  3 worms (D:2)
  2 dart slugs
  An orc (D:3)
  4 endoplasms
  A giant cockroach (D:1)
  6 hobgoblins
  2 quokkas
  4 ball pythons
  3 bats
  A frilled lizard (D:1)
  9 goblins
  5 kobolds
  3 rats
50 creatures vanquished.

Notes
Turn   | Place    | Note
-------+----------+-------------------------------------------
     0 | D:1      | kipponium the Demonspawn Venom Mage began the quest for the
                  | Orb.
     0 | D:1      | Reached XP level 1. HP: 13/13 MP: 3/3
   160 | D:1      | Reached skill level 1 in Transmutations
   372 | D:1      | Gained mutation: You have sharp fingernails. [demonic
                  | ancestry]
   372 | D:1      | Reached XP level 2. HP: 19/19 MP: 3/5
  1200 | D:2      | Reached XP level 3. HP: 24/24 MP: 4/6
  1216 | D:2      | Reached skill level 4 in Poison Magic
  1704 | D:2      | Found a faded altar of an unknown god.
  1708 | D:2      | Gained mutation: You have very sharp fingernails. [demonic
                  | ancestry]
  1708 | D:2      | Reached XP level 4. HP: 30/30 MP: 4/7
  2169 | D:3      | Found a stormy altar of Qazlal.
  2171 | D:3      | Noticed an air elemental
  2172 | D:3      | Noticed a fire elemental
  2172 | D:3      | Noticed an earth elemental
  2172 | D:3      | Noticed a water elemental
  2194 | D:3      | Noticed Grinder
  2249 | D:3      | Learned a level 3 spell: Mephitic Cloud
  2260 | D:3      | Found a basalt altar of Yredelemnul.
  2260 | D:3      | Noticed Sigmund
  2472 | D:4      | Noticed a phantom
  2505 | D:3      | Gained mutation: You have claws for hands. [demonic
                  | ancestry]
  2505 | D:3      | Reached XP level 5. HP: 35/35 MP: 5/8
  2572 | D:3      | Killed Sigmund
  2573 | D:3      | Reached skill level 1 in Conjurations
  2573 | D:3      | Reached skill level 1 in Air Magic
  2573 | D:3      | Reached skill level 5 in Poison Magic
  2573 | D:3      | Gained mutation: You have a somewhat thin skeletal
                  | structure. (Dex +2, Stealth+) [demonic ancestry]
  2573 | D:3      | Reached XP level 6. HP: 41/41 MP: 2/9
  2794 | D:3      | Paralysed by Grinder for 5 turns
  2802 | D:3      | Noticed Grinder
  2802 | D:3      | Grinder changed into Grinder the red devil
  2806 | D:3      | Mangled by Grinder the red devil

Illustrated notes

Levels and vault maps discovered:
D:1:      shiori_arrival_maze, layout_basic
D:2:      layout_basic, ebering_ecumenical_altar_abandoned
D:3:      layout_loops_ring, nicolae_qazlal_style_of_elements,
          lemuel_crystal_altar, roderic_roman_lattice, minivault_23,
          minmay_misc_feat_ornament, uniq_grinder, uniq_sigmund
D:4:      layout_cave_pools, minmay_temple_entry_slanted, serial_column_ruins,
          column_ruins_hut_pillars, column_ruins_open_large,
          column_ruins_columns_dead_end, column_ruins_columns_water,
          column_ruins_open_tiny, column_ruins_open_tiny_water,
          uniq_crazy_yiuf_cottage

Skill      XL: |  1  2  3  4  5 |
---------------+----------------+-----
Transmutations | 1 2 3 |  3.0
Poison Magic   | 4 5 |  5.5
Conjurations   | 1 |  1.3
Air Magic      | 1 |  1.1
Short Blades   | |  0.1
Axes           | |  0.4
Dodging        | |  1.7
Stealth        | |  1.7
Spellcasting   | |  2.0

Action                   |  1- 3 |  4- 6 || total
-------------------------+-------+-------++-------
Melee: Short sword       |     9 |       ||     9
       Hand axe          |       |    19 ||    19
 Cast: Sting             |    64 |    24 ||    88
       Mephitic Cloud    |       |     1 ||     1
Evoke: Wand              |       |     5 ||     5
  Use: Potion            |       |     1 ||     1
 Stab: Confused          |       |     1 ||     1
Armor: Robe              |     6 |     6 ||    12
Dodge: Dodged            |    17 |    21 ||    38

Table legend: (Time is in decaauts)
 A = Elapsed time spent in this place.
 B = Non-inter-level travel time spent in this place.
 C = Inter-level travel time spent in this place.
 D = Time resting spent in this place.
 E = Time spent auto-exploring this place.
 F = Levels seen in this place.
 G = Mean time per level.
                   A        B        C        D        E       F      G
               +--------+--------+--------+--------+--------+-----+--------+
         Total |   2812 |   2716 |     96 |    612 |   1415 |   4 |  703.0 |
       Dungeon |   2812 |   2716 |     96 |    612 |   1415 |   4 |  703.0 |
               +--------+--------+--------+--------+--------+-----+--------+

Top non-repeatable levels by time:
     D:2: 1245 daAuts
     D:1: 1003 daAuts
     D:3: 544 daAuts
     D:4: 19 daAuts
